MLB
PITTSBURGH PIRATES @ ARIZONA DIAMONDBACKS
04/26/2042
 
TOP OF THE 1ST
Pittsburgh Pirates batting - Pitching for Arizona Diamondbacks : RHP Luis Miguel Vallés
Pitching: RHP Luis Miguel Vallés
Batting: LHB José Velasco 0-0: SINGLE (Groundball, 4MS, EV 66.3 MPH) (infield hit)
Batting: LHB Raúl Gallegos 0-0: Ball
José Velasco is caught stealing 2nd base 2-6
1-0: Ball
2-0: Called Strike
2-1: Fly out, F9 (Flyball, 89M, EV 89.4 MPH)
Batting: LHB Del England 0-0: Swinging Strike
0-1: Ball
1-1: Ball
2-1: Ball
3-1: Foul Ball, location: 2F
3-2: Base on Balls
Batting: LHB José Becerra 0-0: Ground out 4-3 (Groundball, 34, EV 101.9 MPH)
Top of the 1st over - 0 runs, 1 hit, 0 errors, 1 left on base; Pittsburgh 0 - Arizona 0
BOTTOM OF THE 1ST
Arizona Diamondbacks batting - Pitching for Pittsburgh Pirates : RHP Geoff Groves
Pitching: RHP Geoff Groves
Batting: RHB Jim Williams 0-0: Ball
1-0: DOUBLE (Groundball, 5L, EV 103.8 MPH)
Batting: LHB Tommy Rose 0-0: Called Strike
0-1: Called Strike
0-2: Foul Ball, location: 3F
0-2: Ball
1-2: Foul Ball, location: 2F
1-2: Foul Ball, location: 7LSF
1-2: Ball
2-2: Ground out 2-3 (Groundball, 2L, EV 61.9 MPH)
Batting: SHB Joe Harris 0-0: Ball
1-0: Ball
2-0: Swinging Strike
2-1: Foul Ball, location: 3DF
2-2: Strikes out looking
Batting: LHB Sancho Morán 0-0: Ball
1-0: Ball
2-0: Called Strike
2-1: Fly out, F2 (Popup, 2L, EV 98.1 MPH)
Bottom of the 1st over - 0 runs, 1 hit, 0 errors, 1 left on base; Pittsburgh 0 - Arizona 0
TOP OF THE 2ND
Pittsburgh Pirates batting - Pitching for Arizona Diamondbacks : RHP Luis Miguel Vallés
Batting: RHB Ken Quebell 0-0: Foul Ball, location: 3F
0-1: Foul Ball, location: 2F
0-2: Hit by Pitch
Batting: LHB Juan Padilla 0-0: Sac Bunt to 15 - play at first, batter OUT! 1-3
Ken Quebell to second
Batting: RHB Al Sexton 0-0: Ball
Ken Quebell steals 3rd base
1-0: Ground out U3 (Groundball, 3, EV 106.3 MPH)
Batting: LHB Ron Hanson 0-0: DOUBLE (Line Drive, 9LM, EV 98.8 MPH)
Ken Quebell scores
Batting: RHB Tomás Alvarado 0-0: Ball
1-0: Ground out 5-3 (Groundball, 56, EV 85.0 MPH)
Top of the 2nd over - 1 run, 1 hit, 0 errors, 1 left on base; Pittsburgh 1 - Arizona 0
BOTTOM OF THE 2ND
Arizona Diamondbacks batting - Pitching for Pittsburgh Pirates : RHP Geoff Groves
Batting: RHB Lou Jones 0-0: Foul Ball, location: 3F
0-1: Ground out 5-3 (Groundball, 5L, EV 88.1 MPH)
Batting: LHB Bob MacEachern 0-0: Ball
1-0: Fly out, F8 (Flyball, 78D, EV 98.8 MPH)
Batting: RHB Orlando Gómes 0-0: Foul Ball, location: 2F
0-1: Called Strike
0-2: Ball
1-2: DOUBLE (Line Drive, 9LM, EV 107.5 MPH)
Batting: LHB Cisco Silva 0-0: Ball
1-0: Ball
2-0: Called Strike
2-1: Swinging Strike
2-2: Fly out, F7 (Flyball, 7LD, EV 103.1 MPH)
Bottom of the 2nd over - 0 runs, 1 hit, 0 errors, 1 left on base; Pittsburgh 1 - Arizona 0
TOP OF THE 3RD
Pittsburgh Pirates batting - Pitching for Arizona Diamondbacks : RHP Luis Miguel Vallés
Batting: LHB José Velasco 0-0: Ball
1-0: Foul Ball, location: 2F
1-1: Swinging Strike
1-2: Foul Ball, location: 3FF
1-2: Strikes out swinging
Batting: LHB Raúl Gallegos 0-0: Ball
1-0: Foul Ball, location: 7LMF
1-1: Ball
2-1: Ground out 4-3 (Groundball, 4, EV 105.6 MPH)
Batting: LHB Del England 0-0: Swinging Strike
0-1: Called Strike
0-2: Ball
1-2: Foul Ball, location: 5DF
1-2: Strikes out swinging, 2-3 out at first.
Top of the 3rd over - 0 runs, 0 hits, 0 errors, 0 left on base; Pittsburgh 1 - Arizona 0
BOTTOM OF THE 3RD
Arizona Diamondbacks batting - Pitching for Pittsburgh Pirates : RHP Geoff Groves
Batting: RHB Eddie Fields 0-0: Ball
1-0: Ball
2-0: Ground out 6-3 (Groundball, 6, EV 80.0 MPH)
Batting: RHB Jim Williams 0-0: Ball
1-0: SINGLE (Groundball, 56S, EV 66.9 MPH) (infield hit)
Batting: LHB Tommy Rose 0-0: Ball
Jim Williams steals 2nd base
1-0: Swinging Strike
1-1: Ball
2-1: Foul Ball, location: 25F
2-2: Ball
3-2: SINGLE (Line Drive, 3D, EV 73.1 MPH)
Jim Williams to third
Runner from 3rd tries for Home, throw by RF and OUT! 9-2
Tommy Rose to second
Batting: SHB Joe Harris 0-0: Ball
1-0: Ball
2-0: Foul Ball, location: 7LSF
2-1: Fly out, F9 (Flyball, 9S, EV 88.8 MPH)
Bottom of the 3rd over - 0 runs, 2 hits, 0 errors, 1 left on base; Pittsburgh 1 - Arizona 0
TOP OF THE 4TH
Pittsburgh Pirates batting - Pitching for Arizona Diamondbacks : RHP Luis Miguel Vallés
Batting: LHB José Becerra 0-0: Ball
1-0: Called Strike
1-1: Ball
2-1: Ball
3-1: Called Strike
3-2: Base on Balls
Batting: RHB Ken Quebell 0-0: Ball
1-0: Ball
2-0: SINGLE (Groundball, 6MD, EV 98.1 MPH)
José Becerra to second
Batting: LHB Juan Padilla 0-0: Ball
1-0: Bunted foul
1-1: Sac Bunt to 13 - play at first, batter OUT! 1-4
José Becerra to third
Ken Quebell to second
Batting: RHB Al Sexton 0-0: Ground out 6-3 (Groundball, 6, EV 88.8 MPH)
José Becerra scores
Ken Quebell to third
Batting: LHB Ron Hanson 0-0: Swinging Strike
0-1: Ball
1-1: Ball
2-1: Ball
3-1: Called Strike
3-2: Fly out, F4 (Popup, 34S, EV 84.4 MPH)
Top of the 4th over - 1 run, 1 hit, 0 errors, 1 left on base; Pittsburgh 2 - Arizona 0
BOTTOM OF THE 4TH
Arizona Diamondbacks batting - Pitching for Pittsburgh Pirates : RHP Geoff Groves
Batting: LHB Sancho Morán 0-0: Called Strike
0-1: Ball
1-1: Foul Ball, location: 5SF
1-2: Fly out, F6 (Popup, 6, EV 63.1 MPH)
Batting: RHB Lou Jones 0-0: Ball
1-0: Foul Ball, location: 5F
1-1: DOUBLE (Line Drive, 78M, EV 90.6 MPH)
Batting: LHB Bob MacEachern 0-0: Ball
1-0: Ball
2-0: 2-RUN HOME RUN (Flyball, 7D, EV 98.8 MPH), Distance : 380 ft
Batting: RHB Orlando Gómes 0-0: Called Strike
0-1: Ball
1-1: Foul Ball, location: 2RF
1-2: Ball
2-2: Strikes out looking
Batting: LHB Cisco Silva 0-0: SINGLE (Line Drive, 4MD, EV 100.0 MPH)
Batting: RHB Eddie Fields 0-0: Ball
1-0: Swinging Strike
1-1: Swinging Strike
1-2: Foul Ball, location: 2F
1-2: SINGLE (Line Drive, 8LS, EV 103.1 MPH)
Cisco Silva to second
Batting: RHB Jim Williams 0-0: Ball
1-0: Ball
2-0: DOUBLE (Flyball, 89D, EV 88.1 MPH)
Cisco Silva scores
Eddie Fields to third
Runner from 3rd tries for Home, SAFE, throw by RF to trailing runner, OUT at third! 9-3-5
Bottom of the 4th over - 4 runs, 5 hits, 0 errors, 0 left on base; Pittsburgh 2 - Arizona 4
TOP OF THE 5TH
Pittsburgh Pirates batting - Pitching for Arizona Diamondbacks : RHP Luis Miguel Vallés
Batting: RHB Tomás Alvarado 0-0: Fly out, F8 (Flyball, 78S, EV 85.0 MPH)
Batting: LHB José Velasco 0-0: Called Strike
0-1: Ball
1-1: Foul Ball, location: 7LSF
1-2: Ball
2-2: Strikes out swinging
Batting: LHB Raúl Gallegos 0-0: Ball
1-0: Fly out, F5 (Line Drive, 5, EV 88.1 MPH)
Top of the 5th over - 0 runs, 0 hits, 0 errors, 0 left on base; Pittsburgh 2 - Arizona 4
BOTTOM OF THE 5TH
Arizona Diamondbacks batting - Pitching for Pittsburgh Pirates : RHP Geoff Groves
Batting: LHB Tommy Rose 0-0: Called Strike
0-1: Ball
1-1: DOUBLE (Line Drive, 5D, EV 97.5 MPH)
Batting: SHB Joe Harris 0-0: Ball
1-0: Called Strike
1-1: Ground out 4-3 (Groundball, 4M, EV 109.4 MPH)
Batting: LHB Sancho Morán 0-0: Ball
1-0: Ball
2-0: Swinging Strike
2-1: Foul Ball, location: 3DF
2-2: Strikes out looking
Batting: RHB Lou Jones 0-0: Foul Ball, location: 5F
0-1: Ball
1-1: Foul Ball, location: 2F
1-2: Strikes out looking
Bottom of the 5th over - 0 runs, 1 hit, 0 errors, 1 left on base; Pittsburgh 2 - Arizona 4
TOP OF THE 6TH
Pittsburgh Pirates batting - Pitching for Arizona Diamondbacks : RHP Luis Miguel Vallés
Batting: LHB Del England 0-0: Called Strike
0-1: Ball
1-1: Foul Ball, location: 2F
1-2: Foul Ball, location: 5F
1-2: Ball
2-2: Foul Ball, location: 7LSF
2-2: Fly out, F9 (Flyball, 9, EV 91.9 MPH)
Batting: LHB José Becerra 0-0: Called Strike
0-1: Called Strike
0-2: Foul Ball, location: 2F
0-2: Strikes out looking
Batting: RHB Ken Quebell 0-0: Ball
1-0: Foul Ball, location: 7LMF
1-1: Called Strike
1-2: Foul Ball, location: 2F
1-2: Foul Ball, location: 2F
1-2: Ball
2-2: Ball
3-2: Foul Ball, location: 25F
3-2: Fly out, F8 (Flyball, 8RD, EV 93.1 MPH)
Top of the 6th over - 0 runs, 0 hits, 0 errors, 0 left on base; Pittsburgh 2 - Arizona 4
BOTTOM OF THE 6TH
Arizona Diamondbacks batting - Pitching for Pittsburgh Pirates : RHP Geoff Groves
Batting: LHB Bob MacEachern 0-0: SINGLE (Line Drive, 8LS, EV 98.1 MPH)
Pitching: RHP Tim Mitchell
Batting: RHB Orlando Gómes 0-0: Foul Ball, location: 9LSF
0-1: Ball
1-1: Ball
2-1: Bunt - Flyout to 2L! F2
Batting: LHB Cisco Silva 0-0: Ball
1-0: Foul Ball, location: 25F
1-1: Grounds into double play, 3-6-3 (Groundball, 34D, EV 96.9 MPH)
Bottom of the 6th over - 0 runs, 1 hit, 0 errors, 0 left on base; Pittsburgh 2 - Arizona 4
TOP OF THE 7TH
Pittsburgh Pirates batting - Pitching for Arizona Diamondbacks : RHP Luis Miguel Vallés
Batting: LHB Juan Padilla 0-0: Ball
1-0: Ball
2-0: Foul Ball, location: 7LDF
2-1: Ball
3-1: Fly out, F8 (Flyball, 8LXD, EV 94.4 MPH)
Batting: RHB Al Sexton 0-0: Called Strike
0-1: Ball
1-1: Ball
2-1: Foul Ball, location: 25F
2-2: Strikes out swinging
Batting: LHB Ron Hanson 0-0: Called Strike
0-1: Called Strike
0-2: Foul Ball, location: 7LMF
0-2: Strikes out swinging
Top of the 7th over - 0 runs, 0 hits, 0 errors, 0 left on base; Pittsburgh 2 - Arizona 4
BOTTOM OF THE 7TH
Arizona Diamondbacks batting - Pitching for Pittsburgh Pirates : RHP Tim Mitchell
Batting: RHB Eddie Fields 0-0: Foul Ball, location: 2F
0-1: Ball
1-1: Swinging Strike
1-2: Ground out 6-3 (Groundball, 6, EV 103.8 MPH)
Batting: RHB Jim Williams 0-0: Called Strike
0-1: Ground out U3 (Groundball, 34S, EV 80.0 MPH)
Batting: LHB Tommy Rose 0-0: Ball
1-0: Foul Ball, location: 2F
1-1: Ball
2-1: Foul Ball, location: 7LMF
2-2: Foul Ball, location: 2F
2-2: Ball
3-2: Ground out 6-3 (Groundball, 56D, EV 86.9 MPH)
Bottom of the 7th over - 0 runs, 0 hits, 0 errors, 0 left on base; Pittsburgh 2 - Arizona 4
TOP OF THE 8TH
Pittsburgh Pirates batting - Pitching for Arizona Diamondbacks : RHP Luis Miguel Vallés
Batting: RHB Tomás Alvarado 0-0: Ball
1-0: Called Strike
1-1: Ball
2-1: Foul Ball, location: 5FF
2-2: DOUBLE (Groundball, 5L, EV 107.5 MPH)
Pitching: RHP Ron Bancroft
Batting: LHB José Velasco 0-0: Foul Ball, location: 3FF
0-1: Ball
1-1: Ball
2-1: Ground out 3-1 (Groundball, 34, EV 100.6 MPH)
Tomás Alvarado to third
Batting: LHB Raúl Gallegos 0-0: Ball
1-0: Foul Ball, location: 25FF
1-1: Foul Ball, location: 2F
1-2: Fly out, F7 (Line Drive, 7, EV 87.5 MPH)
Batting: LHB Del England 0-0: SINGLE (Groundball, 6, EV 103.8 MPH) (infield hit)
Tomás Alvarado scores
Pitching: LHP Ronnie Lee
Pinch Hitting: RHB Donmaz Chavchavadze 0-0: Ball
1-0: Called Strike
1-1: Fly out, F9 (Flyball, 89M, EV 92.5 MPH)
Top of the 8th over - 1 run, 2 hits, 0 errors, 1 left on base; Pittsburgh 3 - Arizona 4
BOTTOM OF THE 8TH
Arizona Diamondbacks batting - Pitching for Pittsburgh Pirates : RHP Tim Mitchell
Now at 1B: Donmaz Chavchavadze
Batting: SHB Joe Harris 0-0: Ball
1-0: Ground out U3 (Groundball, 34, EV 98.8 MPH)
Batting: LHB Sancho Morán 0-0: Called Strike
0-1: Ball
1-1: Called Strike
1-2: Ball
2-2: Strikes out swinging
Batting: RHB Lou Jones 0-0: Ball
1-0: Ground out 6-3 (Groundball, 6, EV 101.3 MPH)
Bottom of the 8th over - 0 runs, 0 hits, 0 errors, 0 left on base; Pittsburgh 3 - Arizona 4
TOP OF THE 9TH
Pittsburgh Pirates batting - Pitching for Arizona Diamondbacks : LHP Ronnie Lee
Pitching: LHP Lou Jackson
Batting: RHB Ken Quebell 0-0: Ball
1-0: Called Strike
1-1: Fly out, F8 (Flyball, 89D, EV 86.3 MPH)
Batting: LHB Juan Padilla 0-0: Called Strike
0-1: Ball
1-1: Fly out, F9 (Flyball, 9, EV 76.9 MPH)
Batting: RHB Al Sexton 0-0: Ball
1-0: Called Strike
1-1: Swinging Strike
1-2: Strikes out swinging
Top of the 9th over - 0 runs, 0 hits, 0 errors, 0 left on base; Pittsburgh 3 - Arizona 4
Friday, May 3rd , 2024 - OOTP Baseball 24.10 Build 82